 Dungeon Crawl Stone Soup version 0.23.2-1-ga50397a6bc (webtiles) character file.

Game seed: 18339950712999310247

56 Andrettin the Bolt Thrower (level 4, -1/27 HPs)
             Began as a Kobold Hunter on May 18, 2019.
             Slain by Sigmund
             ... wielding a +0 scythe
              (9 damage)
             ... on level 2 of the Dungeon.
             The game lasted 00:19:41 (1962 turns).

Andrettin the Bolt Thrower (Kobold Hunter)          Turns: 1962, Time: 00:19:41

Health: -1/27      AC:  5    Str: 10    XL:     4   Next: 17%
Magic:  4/4        EV: 15    Int: 12    God:
Gold:   52         SH:  0    Dex: 15    Spells: 4/4 levels left

rFire    . . .     SeeInvis .   b - +0 short sword
rCold    . . .     Gourm    .   (shield restricted)
rNeg     . . .     Faith    .   c - +0 leather armour
rPois    .         Spirit   .   (no helmet)
rElec    .         Reflect  .   (no cloak)
rCorr    .         Harm     .   o - +0 pair of gloves
MR       .....                  m - +0 pair of boots
Stlth    ++........             (no amulet)
HPRegen  0.09/turn              (no ring)
MPRegen  0.09/turn              (no ring)

@: no status effects
A: small, carnivore
a: no special abilities


You were on level 2 of the Dungeon.
You were not hungry.

You visited 1 branch of the dungeon, and saw 2 of its levels.

You collected 52 gold pieces.

Inventory:

Hand Weapons
 a - a +1 hand crossbow
 b - a +0 short sword (weapon)
 g - a +0 whip
 n - a +0 dagger
Missiles
 d - 44 bolts
 h - 71 stones (quivered)
Armour
 c - a +0 leather armour (worn)
 m - a +0 pair of boots (worn)
 o - a +0 pair of gloves (worn)
 p - a +0 robe
 r - a +0 leather armour
 t - a +0 animal skin
 u - a +0 helmet
Jewellery
 j - an uncursed ring of stealth {unknown}
 w - an uncursed ring of flight {unknown}
Wands
 s - a wand of flame (21)
Scrolls
 e - a scroll of remove curse {unknown}
 i - 2 scrolls of teleportation {unknown}
 l - a scroll of enchant weapon {unknown}
Potions
 k - a potion of might
 q - a potion of haste {unknown}
 v - a potion of brilliance {unknown}
Comestibles
 f - 2 rations


   Skills:
 * Level 2.7 Fighting
 * Level 2.0 Short Blades
 - Level 5.2 Crossbows
 + Level 0.5 Armour
 * Level 2.8 Dodging
 * Level 2.0 Stealth
 * Level 0.6 Spellcasting


You had 4 spell levels left.
You didn't know any spells.
Your spell library was empty.

Dungeon Overview and Level Annotations

Branches:
Dungeon (2/15)

Altars:

Annotations:
D:2 Sigmund


Innate Abilities, Weirdness & Mutations

You are small and have problems with some larger weapons.
You are carnivorous and can eat meat at any time.


Message History

There is an escape hatch in the ceiling here.
You open the door.
Found 7 gold pieces and 6 tomahawks.
There is an open door here.
Found 11 gold pieces.
You now have 41 gold pieces (gained 7).
You now have 52 gold pieces (gained 11).
You open the door.
There is an open door here.
Sigmund the Dreaded comes into view.
He is wielding a +0 scythe.
Sigmund shouts!
Sigmund casts a spell.
Sigmund flickers and vanishes!
Deactivating autopickup; reactivate with Ctrl-A.
Something hits you. Something hits you!
* * * LOW HITPOINT WARNING * * *
You barely miss something. You hit something. Something hits you!
You die...

#.# ..... #.# ####...## #.#
#######.......# ##+## #.#
##....†#.......# ##...##
#.####...♣..#.......# ##.....##
#.#.##..♣_♣.#.......# ##.......#
##........♣..........###.........
...............{@......'.........
#.....########.....).###......(..
#.##.## ##.....## ##.......#
#.#### ###.### ##.....## #.# #.#
##...## #.# ###.# ##'## #.# #...#
#.# #.# #.############.# #. #.#
#......<#.##


There were no monsters in sight!

Vanquished Creatures
  Robin (D:2)
  A dart slug (D:2)
  A leopard gecko (D:2)
  3 bats (D:1)
  7 goblins (D:2)
  7 hobgoblins
  6 jackals
  A quokka (D:2)
  2 ball pythons (D:1)
  4 frilled lizards
  3 kobolds
  3 rats
39 creatures vanquished.

Notes
Turn   | Place    | Note
-------+----------+-------------------------------------------
     0 | D:1      | Andrettin the Kobold Hunter began the quest for the Orb.
     0 | D:1      | Reached XP level 1. HP: 12/12 MP: 1/1
   114 | D:1      | Reached skill level 5 in Crossbows
   420 | D:1      | Reached XP level 2. HP: 17/17 MP: 2/2
  1332 | D:2      | Reached XP level 3. HP: 22/22 MP: 3/3
  1419 | D:2      | Reached skill level 1 in Short Blades
  1762 | D:2      | Noticed Robin
  1817 | D:2      | Killed Robin
  1817 | D:2      | Reached XP level 4. HP: 10/27 MP: 4/4
  1849 | D:2      | Found a faded altar of an unknown god.
  1956 | D:2      | Noticed Sigmund
  1962 | D:2      | Slain by Sigmund

Skill      XL: |  1  2  3  4 |
---------------+-------------+-----
Crossbows      | 5 |  5.2
Short Blades   | 2 |  2.0
Stealth        | 2 |  2.0
Fighting       | |  2.7
Armour         | |  0.5
Dodging        | |  2.8
Spellcasting   | |  0.6

Action                   |  1- 3 |  4- 6 || total
-------------------------+-------+-------++-------
Melee: Short sword       |   111 |    12 ||   123
 Stab: Sleeping          |     3 |       ||     3
  Eat: Ration            |     2 |       ||     2
Armor: Leather armour    |    33 |     4 ||    37
Dodge: Dodged            |    87 |     7 ||    94
